 Dungeon Crawl Stone Soup version 0.25-a0-42-g6c54e25894 (webtiles) character file.

Game seed: 4379322209936889774, levelgen mode: deterministic

190207 Chiseanne the Spry (level 17, 54/146 HPs)
             Began as a Demonspawn Wanderer on Oct 22, 2019.
             Was a High Priest of Okawaru (penitent).
             Quit the game on level 3 of the Abyss.
             The game lasted 01:26:04 (26242 turns).

Chiseanne the Spry (Demonspawn Wanderer)           Turns: 26242, Time: 01:26:04

Health: 54/146     AC: 14    Str: 27    XL:     17   Next: 53%
Magic:  18/24      EV: 27    Int: 14    God:    Okawaru [*]
Gold:   1316       SH:  0    Dex: 18    Spells: 16/16 levels left

rFire    + + .     SeeInvis .   w - +7 arbalest "Ysaot" {velocity, *Corrode +Fly rPois Str+4}
rCold    + . .     Gourm    .   (shield currently unavailable)
rNeg     . . .     Faith    +   Q - +4 troll leather armour
rPois    +         Spirit   +   T - +2 helmet {Int+3} {god gift}
rElec    +         Reflect  .   X - scarf {repulsion}
rCorr    +         Harm     .   I - +1 pair of gloves of Hici {rF+ Str+4}
MR       ++...                  (boots unavailable)
Stlth    +.........             u - amulet of faith
HPRegen  0.74/turn              U - +2 ring of strength
MPRegen  0.38/turn              y - ring of protection from magic

@: resistant, very slightly contaminated, studying 4 skills, repel missiles
A: hooves 3, magic shield, magic regeneration, sturdy frame 3
}: 1/15 runes: decaying
a: Renounce Religion, Evoke Flight


You were on level 3 of the Abyss.
You worshipped Okawaru.
Okawaru was demanding penance.
You were not hungry.

You visited 5 branches of the dungeon, and saw 30 of its levels.
You visited the Abyss 1 time.
You also visited: Trove and Bailey.

You collected 2912 gold pieces.
You spent 1596 gold pieces at shops.

Inventory:

Hand Weapons
 a - a +6 dire flail of protection
 s - a +8 executioner's axe of chopping
 w - the +7 arbalest "Ysaot" (weapon) {velocity, *Corrode +Fly rPois Str+4}
   (You found it on level 4 of the Dungeon)

   Any bolt fired from it inflicts extra damage.
   It affects your strength (+4).
   It protects you from poison.
   It lets you fly.
   It may corrode you when you take damage.
Missiles
 l - 298 bolts (quivered)
Armour
 I - the +1 pair of gloves of Hici (worn) {rF+ Str+4}
   (You found it on level 7 of the Dungeon)

   It affects your strength (+4).
   It protects you from fire.
 Q - a +4 troll leather armour (worn)
 T - a +2 helmet of intelligence (worn) {god gift}
 X - a scarf of repulsion (worn)
Jewellery
 u - an amulet of faith (around neck)
 y - a ring of protection from magic (right hand)
 U - a +2 ring of strength (left hand)
Wands
 e - a wand of disintegration (38)
 v - a wand of clouds (6)
 z - a wand of paralysis (20)
 H - a wand of acid (6)
 P - a wand of digging (4)
 S - a wand of iceblast (5)
Scrolls
 c - 18 scrolls of teleportation
 h - 2 scrolls of enchant armour
 k - 10 scrolls of remove curse
 m - 3 scrolls of magic mapping
 A - 4 scrolls of fog
 G - 7 scrolls of identify
 M - 3 scrolls of fear
 N - 2 scrolls of blinking
 V - 4 scrolls of amnesia
Potions
 b - 2 potions of ambrosia
 f - a potion of brilliance
 n - 2 potions of magic
 o - 2 potions of curing
 p - 3 potions of agility
 q - 2 potions of flight
 r - 8 potions of heal wounds
 B - 2 potions of might
 J - 6 potions of berserk rage
 R - 2 potions of cancellation
 W - 5 potions of mutation
Books
 j - a manual of Poison Magic
 C - a manual of Long Blades
 F - a manual of Spellcasting
 Y - a manual of Invocations
Miscellaneous
 i - a box of beasts
 t - a phial of floods
 O - a sack of spiders
Comestibles
 d - 6 chunks of flesh
 x - 47 rations


   Skills:
 + Level 16.6 Fighting
   Level 1.0 Short Blades
 - Level 1.0 Axes
 - Level 17.1 Crossbows
 - Level 4.4 Armour
 - Level 17.5 Dodging
   Level 1.7 Shields
 - Level 10.0 Invocations


You had 16 spell levels left.
You didn't know any spells.
Your spell library contained the following spells:

 Spells                   Type           Power        Failure   Level  Hunger
 Confusing Touch          Hex            #.....       28%         1    ##.....
 Flame Tongue             Conj/Fire      #....        28%         1    ##.....
 Shock                    Conj/Air       #...         28%         1    ##.....
 Summon Butterflies       Summ           #.......     28%         1    ##.....
 Blink                    Tloc           N/A          41%         2    ###....
 Shroud of Golubria       Chrm/Tloc      #.....       41%         2    ###....
 Throw Flame              Conj/Fire      #.....       41%         2    ###....
 Throw Frost              Conj/Ice       #.....       41%         2    ###....
 Confuse                  Hex            #.......     65%         3    ####...
 Conjure Flame            Conj/Fire      #.......     65%         3    ####...
 Gell's Gravitas          Tloc           #.........   65%         3    ####...
 Inner Flame              Hex/Fire       #.......     65%         3    ####...
 Lesser Beckoning         Tloc           #.........   65%         3    ####...
 Mephitic Cloud           Conj/Pois/Air  #.......     65%         3    ####...
 Stone Arrow              Conj/Erth      #.....       65%         3    ####...
 Teleport Other           Tloc           #.......     65%         3    ####...
 Force Lance              Conj/Tloc      #.......     96%         4    #####..
 Fulminant Prism          Conj/Hex       #.........   96%         4    #####..
 Passage of Golubria      Tloc           N/A          96%         4    #####..
 Petrify                  Tmut/Erth      #.......     96%         4    #####..
 Sticky Flame             Conj/Fire      #.......     96%         4    #####..
 Bolt of Magma            Conj/Fire/Erth #.........   100%        5    ######.
 Fireball                 Conj/Fire      #.........   100%        5    ######.
 Iskenderun's Battlesphe  Conj/Chrm      #.......     100%        5    ######.
 Metabolic Englaciation   Hex/Ice        #.........   100%        5    ######.
 Summon Demon             Summ           #.........   100%        5    ######.
 Venom Bolt               Conj/Pois      #.........   100%        5    ######.
 Yara's Violent Unravell  Hex/Tmut       #.........   100%        5    ######.
 Bolt of Fire             Conj/Fire      #.........   100%        6    #######
 Iron Shot                Conj/Erth      #.........   100%        6    #######
 Orb of Destruction       Conj           #.........   100%        7    #######
 Spellforged Servitor     Conj/Summ      #.........   100%        7    #######
 Lehudib's Crystal Spear  Conj/Erth      #.........   100%        8    #######


Dungeon Overview and Level Annotations

Branches:
Dungeon (15/15)            Temple (0/1) D:6            Lair (6/6) D:9
  Swamp (4/4) Lair:4       Spider (0/4) Lair:3        Slime (0/5) Lair:5
    Orc (2/2) D:10            Elf (3/3) Orc:2        Vaults (0/5) D:13
 Depths (0/5) D:15         Bailey (visited)

Altars:
Ashenzari
Cheibriados
Dithmenos
Fedhas
Gozag
Makhleb
Okawaru
Ru
Trog
Uskayaw
Vehumet
The Shining One
Beogh

Shops:
D:12 !   Orc:1 =   Orc:2 :%}[   Elf:1 :(!   Elf:2 ::=!*

Annotations:
D:15 2 transporters, Fysur's ghost, journeyman GrEE
Swamp:2 Roxanne
Elf:2 2 runed translucent doors


Innate Abilities, Weirdness & Mutations

You have hooves in place of feet.
When hurt, damage is shared between your health and your magic reserves.
You regenerate magic rapidly.
Your movements are significantly less encumbered by armour. (ER -6)


Message History

Okawaru accepts your kill.
A deep elf demonologist comes into view.
It is wielding a +0 rapier.
The deep elf demonologist mumbles some strange words.
Found the +10 Black Knight's horse barding {ponderous, rPois rN+}.
Firing (i - inventory)
l - 298 bolts (quivered)
Press: ? - help, Shift-Dir - straight line, f - deep elf demonologist
Aim: a deep elf demonologist, wielding a +0 rapier
Okay, then.
Okay, then.
Okay, then.
You feel protected.
The deep elf demonologist points at you and mumbles some strange words.
You are cast into the Abyss!
To return, you must find a gate leading back.
Killing monsters will force the Abyss to allow you passage.
This branch contains the abyssal rune of Zot.
Found 85 gold pieces and a papyrus book.
You pick up a book of Misfortune and begin reading...
You add the spells Confusing Touch, Confuse, Petrify, Metabolic Englaciation and Yara's Violent Unravelling to your library.
Are you sure you want to abandon this character and quit the game? (Confirm with "yes".)

.............
#............. .
#.............
..#.....⌠.......
#..............
.#..............
#....$..........
#...$........#
#.......@..##..
#.........##
.'###'##..# .
#.. #..# #..
#... ## #...#
.#... . #...


There were no monsters in sight!

Vanquished Creatures
  Rupert (D:14)
  A deep elf blademaster (Elf:3)
  Gastronok (D:10)
  3 thorn hunters
  Louise (D:15)
  4 deep elf sorcerers (Elf:3)
  Aizul (Swamp:1)
  2 orc warlords
  A very ugly thing (D:14)
  3 deep elf demonologists
  Nessos (Lair:5)
  10 deep elf annihilators
  3 deep elf death magi (Elf:3)
  3 deep elf high priests
  A vault guard (D:13)
  10 hydras
  2 death knights
  Erica (Lair:2)
  3 catoblepae (Lair:6)
  4 two-headed ogres
  6 centaur warriors
  12 dancing weapons
  Urug (Lair:5)
  8 orc high priests
  20 death yaks
  A small abomination (Elf:3)
  6 deep elf knights
  2 large abominations (Elf:3)
  2 spriggan druids
  A golden dragon skeleton (D:15)
  3 unseen horrors
  7 skeletal warriors (D:15)
  7 swamp dragons (Swamp:4)
  2 orc knights
  A tengu zombie (D:15)
  A sphinx zombie (D:15)
  A phantasmal warrior (D:15)
  10 deep elf archers
  Pikel (D:7)
  2 necromancers
  7 ugly things
  35 deep elf magi
  4 cyclopes
  An orc sorcerer (Orc:2)
  2 manticores (Lair:6)
  6 elephants (Lair:4)
  A centaur zombie (D:15)
  A guardian serpent (D:11)
  A spriggan zombie (D:15)
  7 black mambas
  Psyche (D:10)
  13 spiny frogs
  An efreet (D:15)
  4 rime drakes
  5 komodo dragons
  4 freezing wraiths
  A tengu conjurer (D:15)
  5 trolls
  2 guardian mummies (Elf:1)
  Prince Ribbit (D:5)
  6 meliai
  A queen bee (D:15)
  A hornet (shapeshifter) (D:13)
  4 hornets
  A polar bear (Lair:5)
  5 tyrant leeches
  3 bog bodies
  A hippogriff (shapeshifter) (D:14)
  3 blink frogs (Lair:6)
  Grinder (D:6)
  8 slime creatures
  11 hippogriffs
  4 shadows
  4 wyverns
  5 spriggans (Swamp:3)
  A vampire (D:15)
  An air elemental (Elf:1)
  Sigmund (D:2)
  4 redbacks (Lair:3)
  3 basilisks
  2 water elementals
  A human (D:7)
  6 wraiths
  36 yaks
  A fire elemental (Elf:2)
  3 hogs (D:7)
  22 vampire mosquitoes
  A hungry ghost (D:13)
  8 wargs
  3 acid dragons (D:14)
  9 swamp worms
  9 porcupines
  14 water moccasins
  4 sky beasts
  10 swamp drakes
  27 orc warriors
  2 slaves (D:7)
  22 ogres
  13 ice beasts
  A phantom (D:14)
  A necrophage (D:10)
  3 wolves (Lair:4)
  10 crocodiles
  16 centaurs
  5 big kobolds (D:10)
  14 bullfrogs
  2 gnoll sergeants (D:10)
  An earth elemental (Elf:2)
  A water moccasin zombie (D:10)
  8 scorpions
  28 killer bees
  16 wights
  8 crimson imps
  A howler monkey (D:4)
  A bullfrog zombie (D:8)
  5 hounds
  36 orc priests
  2 centaur skeletons
  14 orc wizards
  Crazy Yiuf (D:4)
  5 jellies
  Ijyb (D:4)
  3 iguanas
  7 hell rats (Lair:3)
  8 worker ants
  A killer bee zombie (D:5)
  A hound zombie (D:9)
  8 gnolls
  A howler monkey skeleton (D:6)
  5 adders
  A river rat (D:9)
  5 shadow imps
  3 oozes
  2 adder skeletons
  2 worms (D:6)
  5 leopard geckos
  99 orcs
  4 giant cockroaches
  14 goblins
  8 hobgoblins
  23 jackals
  5 quokkas
  A ball python (D:1)
  4 bats
  3 frilled lizards
  21 kobolds
  A leopard gecko zombie (D:7)
  A quokka zombie (D:5)
  9 rats
  5 fungi
  6 plants
  8 withered plants (D:15)
957 creatures vanquished.

Vanquished Creatures (others)
  A deep elf knight (Elf:2)
  A swamp dragon (Swamp:4)
  A vampire mosquito (Swamp:4)
  A phantom (D:7)
  2 orcs (Orc:2)
  3 fungi
  2 pillars of salt (Elf:1)
  4 plants (Lair:6)
  2 withered plants (D:15)
17 creatures vanquished.

Grand Total: 974 creatures vanquished

Notes
Turn   | Place    | Note
-------+----------+-------------------------------------------
     0 | D:1      | Chiseanne the Demonspawn Wanderer began the quest for the
                  | Orb.
     0 | D:1      | Chiseanne set off with the following items: a +2 short
                  | sword, a +0 ring mail, a scroll of teleportation, a ration
     0 | D:1      | Reached XP level 1. HP: 16/16 MP: 1/1
   150 | D:1      | Gained mutation: Your movements are slightly less
                  | encumbered by armour. (ER -2) [demonic ancestry]
   150 | D:1      | Reached XP level 2. HP: 7/22 MP: 2/2
   658 | D:2      | Noticed Sigmund
   677 | D:2      | Killed Sigmund
   677 | D:2      | Gained mutation: You have large cloven feet. [demonic
                  | ancestry]
   677 | D:2      | Reached XP level 3. HP: 6/29 MP: 3/3
   677 | D:2      | Reached XP level 4. HP: 7/35 MP: 4/4
   677 | D:2      | Reached XP level 5. HP: 8/41 MP: 5/5
   727 | D:2      | Found an iron altar of Okawaru.
  1805 | D:3      | Found a burning altar of Makhleb.
  2213 | D:3      | Found a faded altar of an unknown god.
  2305 | D:4      | Gained mutation: Your movements are less encumbered by
                  | armour. (ER -4) [demonic ancestry]
  2305 | D:4      | Reached XP level 6. HP: 44/48 MP: 6/6
  2386 | D:4      | Noticed Ijyb
  2400 | D:4      | Killed Ijyb
  2575 | D:4      | Noticed a hippogriff
  2597 | D:4      | Killed a hippogriff
  2597 | D:4      | Reached XP level 7. HP: 48/55 MP: 7/7
  2771 | D:4      | Got a transparent arbalest
  2773 | D:4      | Identified the +7 arbalest "Ysaot" {velocity, *Corrode +Fly
                  | rPois Str+4} (You found it on level 4 of the Dungeon)
  2922 | D:4      | Found a runed translucent door.
  2923 | D:4      | Noticed Crazy Yiuf
  2927 | D:4      | Killed Crazy Yiuf
  2927 | D:4      | Reached skill level 5 in Fighting
  2970 | D:4      | Reached skill level 1 in Crossbows
  3448 | D:5      | Entered Level 5 of the Dungeon
  3454 | D:5      | Got a distressingly furry ring mail
  3473 | D:5      | Noticed Prince Ribbit
  3476 | D:5      | Killed Prince Ribbit
  3476 | D:5      | Reached skill level 5 in Dodging
  3476 | D:5      | Gained mutation: When hurt, damage is shared between your
                  | health and your magic reserves. [demonic ancestry]
  3476 | D:5      | Reached XP level 8. HP: 64/64 MP: 8/8
  3517 | D:5      | Identified the +1 ring mail of the Sea {rF- Int+2 Dex+3}
                  | (You found it on level 5 of the Dungeon)
  3590 | D:2      | Became a worshipper of Warmaster Okawaru
  3966 | D:5      | Found a radiant altar of Vehumet.
  4296 | D:6      | Reached skill level 1 in Invocations
  4476 | D:6      | Reached * piety under Okawaru
  4513 | D:6      | Reached XP level 9. HP: 71/71 MP: 11/11
  4552 | D:6      | Found a staircase to the Ecumenical Temple.
  4793 | D:6      | Noticed Grinder
  4794 | D:6      | Reached ** piety under Okawaru
  4808 | D:6      | Paralysed by something for 5 turns
  4817 | D:6      | Paralysed by something for 6 turns
  4826 | D:6      | Killed Grinder
  4826 | D:6      | Reached skill level 5 in Invocations
  5016 | D:6      | Killed an unseen horror
  5016 | D:6      | Reached *** piety under Okawaru
  5016 | D:6      | Reached skill level 5 in Crossbows
  5333 | D:6      | Found a sacrificial altar of Ru.
  5333 | D:6      | Found a faded altar of an unknown god.
  5338 | D:6      | Found a shattered altar of Ashenzari.
  5340 | D:6      | Found a glowing golden altar of the Shining One.
  5342 | D:6      | Found a blossoming altar of Fedhas.
  5915 | D:7      | Gained mutation: You regenerate magic rapidly. [demonic
                  | ancestry]
  5915 | D:7      | Reached XP level 10. HP: 61/80 MP: 11/14
  6222 | D:7      | Noticed Pikel
  6234 | D:7      | Killed Pikel
  6234 | D:7      | Reached **** piety under Okawaru
  6349 | D:7      | Got a pair of smoking gloves
  6355 | D:7      | Identified the +1 pair of gloves of Hici {rF+ Str+4} (You
                  | found it on level 7 of the Dungeon)
  7089 | D:8      | Found a radiant altar of Vehumet.
  7095 | D:8      | Found a shadowy altar of Dithmenos.
  7306 | D:8      | Found an opulent altar of Gozag.
  7479 | D:9      | Noticed a death yak
  7481 | D:9      | Noticed a death yak
  7482 | D:9      | Killed a death yak
  7482 | D:9      | Received a gift from Okawaru
  7482 | D:9      | Reached ***** piety under Okawaru
  7487 | D:9      | Noticed a death yak
  7593 | D:9      | Found a staircase to the Lair.
  7647 | D:9      | Received a gift from Okawaru
  7699 | D:9      | Killed a death yak
  7711 | D:9      | Killed a death yak
  7711 | D:9      | Received a gift from Okawaru
  7711 | D:9      | Gained mutation: Your movements are significantly less
                  | encumbered by armour. (ER -6) [demonic ancestry]
  7711 | D:9      | Reached XP level 11. HP: 69/89 MP: 12/17
  7715 | D:9      | Got a slimy longbow {god gift}
  7793 | D:9      | Identified the +5 longbow of Blood {god gift, flame, Int+5
                  | Stlth-} (Okawaru gifted it to you on level 9 of the
                  | Dungeon)
  7990 | D:9      | Found a hide-covered altar of Uskayaw.
  7991 | D:9      | Noticed a +0 hand axe
  7991 | D:9      | Noticed a +0 dagger
  8246 | D:10     | Entered Level 10 of the Dungeon
  8718 | D:10     | Noticed Gastronok
  8733 | D:10     | Killed Gastronok
  8841 | D:10     | Noticed Psyche
  8846 | D:10     | Killed Psyche
  8846 | D:10     | Reached skill level 10 in Fighting
  8846 | D:10     | Reached skill level 10 in Invocations
  8958 | D:10     | Found a staircase to the Orcish Mines.
  8971 | D:10     | Reached ****** piety under Okawaru
  8987 | D:10     | Received a gift from Okawaru
  9387 | D:11     | Found a bloodstained altar of Trog.
  9906 | D:11     | You fall into a shaft and drop 1 floor!
  9909 | D:12     | Noticed a two-headed ogre
  9913 | D:12     | Killed a two-headed ogre
  9913 | D:12     | Received a gift from Okawaru
 10083 | D:12     | Found Reboxt's Distillery.
 10095 | D:12     | Bought a potion of heal wounds for 65 gold pieces
 10095 | D:12     | Bought a potion of curing for 39 gold pieces
 10095 | D:12     | Bought a potion of curing for 39 gold pieces
 10095 | D:12     | Bought a potion of might for 52 gold pieces
 10095 | D:12     | Bought a potion of lignification for 39 gold pieces
 10095 | D:12     | Bought a potion of agility for 52 gold pieces
 10095 | D:12     | Bought a potion of berserk rage for 65 gold pieces
 10095 | D:12     | Bought a potion of might for 52 gold pieces
 10095 | D:12     | Bought a potion of curing for 39 gold pieces
 10095 | D:12     | Bought a potion of heal wounds for 65 gold pieces
 10163 | D:12     | Found a flagged portal.
 10192 | Bailey   | Entered a bailey
 10197 | Bailey   | Noticed an orc warlord
 10262 | Bailey   | Reached skill level 10 in Dodging
 10277 | Bailey   | Found a runed translucent gate.
 10277 | Bailey   | Found a runed translucent gate.
 10297 | Bailey   | Received a gift from Okawaru
 10305 | Bailey   | Gained mutation: You have hoof-like feet. [demonic
                  | ancestry]
 10305 | Bailey   | Reached XP level 12. HP: 97/97 MP: 19/19
 10312 | Bailey   | Found a runed translucent gate.
 10464 | Bailey   | Killed an orc warlord
 10793 | D:12     | Noticed a two-headed ogre
 10797 | D:12     | Killed a two-headed ogre
 10961 | D:12     | Identified 2 scrolls of acquirement
 10964 | D:12     | Got a pair of twisted boots
 10965 | D:12     | Identified the +4 pair of boots of the Six Allies {-Cast
                  | rPois Int+7} (You acquired it on level 12 of the Dungeon)
 10982 | D:12     | Got a pair of faintly glowing gloves
 10993 | D:12     | Identified the +2 pair of gloves of the Hurricane {rF+}
                  | (You acquired it on level 12 of the Dungeon)
 11067 | D:13     | Noticed a centaur warrior
 11270 | D:13     | Killed a centaur warrior
 11453 | D:13     | Reached skill level 10 in Crossbows
 11501 | D:13     | Found a gate to the Vaults.
 11501 | D:13     | Noticed a vault guard
 11513 | D:13     | Killed a vault guard
 11573 | D:13     | Noticed a death knight
 11574 | D:13     | Noticed a centaur warrior
 11587 | D:13     | Killed a death knight
 11591 | D:13     | Killed a centaur warrior
 11605 | D:13     | Received a gift from Okawaru
 11823 | D:13     | You fall into a shaft and drop 2 floors!
 11823 | D:15     | Entered Level 15 of the Dungeon
 11826 | D:15     | Received a gift from Okawaru
 11959 | D:15     | Identified the +5 great mace of Harmony {freeze, rF+}
 11959 | D:15     | Noticed a frost giant
 11959 | D:15     | Noticed Fysur's ghost (journeyman GrEE)
 11986 | D:15     | Noticed a two-headed ogre
 11987 | D:15     | Found a transporter.
 11987 | D:15     | Noticed a two-headed ogre
 11989 | D:15     | Noticed a two-headed ogre
 11990 | D:15     | Noticed an ettin
 11996 | D:15     | Found a transporter.
 12031 | D:15     | Noticed a death knight
 12051 | D:15     | Reached XP level 13. HP: 103/103 MP: 15/20
 12193 | D:15     | Received a gift from Okawaru
 12286 | D:15     | Found a staircase to the Depths.
 12363 | D:15     | Got an ancient long sword
 12365 | D:15     | Identified the cursed +1 long sword "Uckeanue" {drain,
                  | rPois rF+} (You found it on level 15 of the Dungeon)
 12525 | D:15     | Noticed Louise
 12530 | D:15     | Received a gift from Okawaru
 12535 | D:15     | Killed Louise
 12535 | D:15     | Received a gift from Okawaru
 12627 | D:15     | Received a gift from Okawaru
 13801 | D:14     | Reached XP level 14. HP: 110/110 MP: 19/21
 13815 | D:14     | Noticed a brown very ugly thing
 13825 | D:14     | Killed a brown very ugly thing
 13892 | D:14     | Received a gift from Okawaru
 14225 | D:14     | Noticed Rupert
 14238 | D:14     | Killed Rupert
 14238 | D:14     | Received a gift from Okawaru
 15014 | Orc:1    | Entered Level 1 of the Orcish Mines
 15068 | Orc:1    | Received a gift from Okawaru
 15170 | Orc:1    | Found Mawk's Jewellery Shop.
 15173 | Orc:1    | Bought a cursed ring of teleportation for 49 gold pieces
 15406 | Orc:2    | Entered Level 2 of the Orcish Mines
 15466 | Orc:2    | Received a gift from Okawaru
 15602 | Orc:2    | Found Kavosch's Book Boutique.
 15602 | Orc:2    | Found Xameuruf's Food Emporium.
 15613 | Orc:2    | Noticed an orc warlord
 15775 | Orc:2    | Killed an orc warlord
 15775 | Orc:2    | Received a gift from Okawaru
 15876 | Orc:2    | Found a roughly hewn altar of Beogh.
 15934 | Orc:2    | Found a staircase to the Elven Halls.
 16160 | Orc:2    | Found Mampohadgh's Armour Emporium.
 16160 | Orc:2    | Found Merunna's Gadget Boutique.
 16437 | Lair:1   | Entered Level 1 of the Lair of Beasts
 17205 | Lair:2   | Noticed Erica
 17213 | Lair:2   | Killed Erica
 17272 | Lair:2   | Reached skill level 15 in Dodging
 17570 | Lair:2   | Received a gift from Okawaru
 17879 | Lair:3   | Reached XP level 15. HP: 115/115 MP: 22/22
 18228 | Lair:3   | Found a hole to the Spider Nest.
 18730 | Lair:4   | Found a sacrificial altar of Ru.
 19007 | Lair:4   | Found a staircase to the Swamp.
 19205 | Lair:4   | Received a gift from Okawaru
 19385 | Lair:5   | Noticed Urug
 19396 | Lair:5   | Killed Urug
 19482 | Lair:5   | Found a frozen archway.
 19554 | Lair:5   | Noticed Nessos
 19560 | Lair:5   | Killed Nessos
 19726 | Lair:5   | Reached skill level 15 in Crossbows
 19737 | Lair:5   | Found a snail-covered altar of Cheibriados.
 19856 | Lair:5   | Found a staircase to the Slime Pits.
 20039 | Lair:6   | Entered Level 6 of the Lair of Beasts
 20169 | Lair:6   | Received a gift from Okawaru
 20248 | Lair:6   | Received a gift from Okawaru
 20250 | Lair:6   | Received a gift from Okawaru
 20256 | Lair:6   | Found a dark tunnel.
 20460 | Lair:6   | Received a gift from Okawaru
 21026 | Lair:6   | Received a gift from Okawaru
 21421 | Swamp:1  | Entered Level 1 of the Swamp
 21584 | Swamp:1  | Noticed Aizul
 21602 | Swamp:1  | Killed Aizul
 21602 | Swamp:1  | Received a gift from Okawaru
 21741 | Swamp:1  | Noticed a thorn hunter
 21750 | Swamp:1  | Killed a thorn hunter
 21767 | Swamp:2  | Identified Roxanne's Volume of Shape Shifting
 21767 | Swamp:2  | Noticed Roxanne
 21821 | Swamp:3  | Reached XP level 16. HP: 90/122 MP: 14/23
 22135 | Swamp:4  | Entered Level 4 of the Swamp
 22135 | Swamp:4  | Noticed a thorn hunter
 22147 | Swamp:4  | Killed a thorn hunter
 22461 | Swamp:4  | Noticed a thorn hunter
 22505 | Swamp:4  | Killed a thorn hunter
 22505 | Swamp:4  | Received a gift from Okawaru
 22537 | Swamp:4  | Got a decaying rune of Zot
 22613 | Swamp:4  | Received a gift from Okawaru
 23022 | Elf:1    | Entered Level 1 of the Elven Halls
 23160 | Elf:1    | Found a ruined gateway.
 23278 | Elf:1    | Found Laqor's Antique Weapon Emporium.
 23291 | Elf:1    | Bought a shimmering broad axe for 207 gold pieces
 23291 | Elf:1    | Bought a slimy great sword for 264 gold pieces
 23292 | Elf:1    | Identified the cursed +2 broad axe of the Land of Plenty
                  | {flame, rPois rC- rN++ Dex-2} (You bought it in a shop on
                  | level 1 of the Elven Halls)
 23295 | Elf:1    | Identified the +4 great sword of the Briny Deep {freeze,
                  | MR+ Str+3} (You bought it in a shop on level 1 of the Elven
                  | Halls)
 23299 | Elf:1    | Bought a runed executioner's axe for 299 gold pieces
 23384 | Elf:1    | Found Uptid's Book Shop.
 23657 | Elf:1    | Found Yluifige's Distillery.
 23759 | Elf:1    | Received a gift from Okawaru
 23776 | Elf:1    | Noticed an Executioner
 23790 | Elf:1    | Received a gift from Okawaru
 24078 | Elf:1    | Found a portal to a secret trove of treasure.
 24111 | Elf:1    | Got a jewelled flail
 24186 | Elf:1    | Bought a potion of curing for 45 gold pieces
 24186 | Elf:1    | Bought a potion of curing for 45 gold pieces
 24186 | Elf:1    | Bought a potion of curing for 45 gold pieces
 24186 | Elf:1    | Bought 2 potions of curing for 90 gold pieces
 24257 | Elf:1    | Identified the +8 flail of Vengeance {protect, *Rage +Blink
                  | rF+ MP+9} (You found it on level 1 of the Elven Halls)
 24261 | Elf:1    | You paid a toll of 17 potions of curing to enter a treasure
                  | trove
 24262 | Trove    | Entered a treasure trove
 24311 | Trove    | Identified Sif Muna's Incunabulum of Hurtful Companions
 24319 | Trove    | Identified Sif Muna's Grimoire of Blistering Attacks
 24625 | Elf:2    | Found Taomyosi's Book Emporium.
 24625 | Elf:2    | Found Ufaa's Book Boutique.
 24636 | Elf:2    | Found Syshevvi's Jewellery Emporium.
 25012 | Elf:2    | Found Zemoitoo's General Store.
 25019 | Elf:2    | Bought a scroll of teleportation for 45 gold pieces
 25063 | Elf:2    | Received a gift from Okawaru
 25072 | Elf:2    | Found a runed translucent door.
 25092 | Elf:2    | Received a gift from Okawaru
 25092 | Elf:2    | Gained mutation: You have hooves in place of feet. [demonic
                  | ancestry]
 25092 | Elf:2    | Reached XP level 17. HP: 134/134 MP: 24/24
 25103 | Elf:2    | Found a runed translucent door.
 25427 | Elf:2    | Found Lyitz's Distillery.
 25701 | Elf:3    | Entered Level 3 of the Elven Halls
 25886 | Elf:3    | Noticed a Brimstone Fiend
 25939 | Elf:3    | Reached skill level 15 in Fighting
 26012 | Elf:3    | Received a gift from Okawaru
 26084 | Elf:3    | Noticed a deep elf blademaster
 26145 | Elf:3    | Was placed under penance by Okawaru
 26148 | Elf:3    | Killed a deep elf blademaster
 26230 | Elf:3    | Noticed a titan
 26233 | Elf:3    | Identified the ring of Sunlight {rPois rF++}
 26239 | Elf:3    | Found the +10 Black Knight's horse barding {ponderous,
                  | rPois rN+}
 26239 | Elf:3    | Cast into level 3 of the Abyss (a deep elf demonologist)
 26242 | Abyss:3  | Quit the game

Levels and vault maps discovered:
D:1:      wheals_arrival_shading, layout_rooms
D:2:      layout_basic, okawaru_trees_2, uniq_sigmund
D:3:      layout_loops_ring, lemuel_crystal_altar,
          chequers_ecumenical_altar_lobes
D:4:      layout_loops_ring, first_ration, uniq_ijyb, uniq_crazy_yiuf_cottage
D:5:      layout_loops_ring, basic_altar, uniq_prince_ribbit1
D:6:      layout_basic, chequers_temple_overflow_minitemple,
          minmay_temple_entry_arrows, columned_hall_lemuel,
          hangedman_abyss_or_decor_slice, uniq_grinder
D:7:      layout_basic, grunt_livestock, uniq_pikel
D:8:      layout_rooms, kennysheep_mini_moat,
          chequers_temple_overflow_statue_of_worship,
          nicolae_straight_to_the_point
D:9:      layout_stronghold, dancing_weapons_uskayaw, dpeg_lair_monsters,
          serial_column_ruins, column_ruins_columns_corner,
          column_ruins_corridor_corner, column_ruins_open_small,
          column_ruins_corridor_corner, column_ruins_open_tiny,
          column_ruins_open_small, eino_small_chamber_without_monster
D:10:     layout_gridville, kennysheep_orc_monster_closet_entryway, uniq_psyche,
          uniq_gastronok
D:11:     layout_grid_maze, basic_altar, nrook_guardian_serpent_ordinary
D:12:     layout_cave_pods, enter_bailey_3, serial_shops, nicolae_shop_crystal
D:13:     layout_roguey, david_vaults_5
D:14:     hangedman_cross_veins, layout_basic, minivault_4, item_on_display_a,
          uniq_rupert
D:15:     gammafunk_depths_entry_grave, layout_long_grid, special_room
          [special_room_bee], gammafunk_ghost_smash, uniq_louise
Lair:1:   layout_regular_city, guppyfry_lair_drakes, lemuel_fruit_fields
Lair:2:   layout_chaotic_city, infiniplex_staircase_pool, uniq_erica
Lair:3:   layout_misc_corridors, spider_nest_entry_funnel_web
Lair:4:   layout_small_grid, swamp_mist, basic_altar
Lair:5:   layout_misc_corridors, dpeg_slime_entry_corner, basic_altar,
          portal_ice_cave_entry_ice_beasts, uniq_nessos, uniq_urug
Lair:6:   evilmike_catoblepas_cave, layout_small_grid,
          nicolae_volcano_entry_two_sided
Swamp:1:  layout_basic_swamp, hangedman_swamp_diagram, uniq_aizul
Swamp:2:  nicolae_swamp_phyte_club, layout_basic_swamp,
          nicolae_swamp_very_dense_foliage, uniq_roxanne
Swamp:3:  layout_falls_marsh, evilmike_swamp_ruin_house_6
Swamp:4:  swamp_alternative, layout_basic_swamp
Orc:1:    layout_diamond_mine, serial_shops, nicolae_shop_behind_doors
Orc:2:    st_orc_town, layout_caves
Elf:1:    eino_elf_arrival_customs, layout_loops_corners,
          portal_desolation_entry_garden, serial_shops,
          nicolae_shop_overgrown_old_shop, shop_statue,
          nicolae_shop_temple_entry_statues_fountains,
          nicolae_trove_entry_path_of_doom, hangedman_elf_represent
Elf:2:    layout_loops_ring, serial_shops, shop_fountains, shop_statue, shop,
          nicolae_shop_crystal, nicolae_shop_crystal
Elf:3:    minmay_elf_hall_quartered_circle, layout_gridlike, serial_shops, shop,
          special_room [special_room_orc]
Abyss:3:  grunt_abyss_rune_forest_and_sorcery, evilmike_abyss_exit_glass

Skill      XL: |  1  2  3  4  5  6  7  8  9 10 11 12 13 14 15 16 17 |
---------------+----------------------------------------------------+-----
Dodging        | 2 3 4 5 6 7 8 10 11 13 15 16 17 | 17.5
Armour         | 2 3 4 |  4.4
Fighting       | 3 4 5 6 8 9 10 12 16 | 16.6
Crossbows      | 2 4 5 7 8 11 12 14 16 17 | 17.1
Invocations    | 3 6 9 10 | 10.0
Short Blades   | |  1.0
Axes           | |  1.0
Shields        | |  1.7

Action                   |  1- 3 |  4- 6 |  7- 9 | 10-12 | 13-15 | 16-18 || total
-------------------------+-------+-------+-------+-------+-------+-------++-------
Melee: Short sword       |    52 |    75 |       |       |       |       ||   127
       Kick              |       |    33 |     2 |       |       |    27 ||    62
       Unarmed           |       |    14 |       |       |       |       ||    14
       Dagger            |       |    50 |     8 |       |       |       ||    58
       Dire flail        |       |       |       |     7 |   138 |   177 ||   322
       Quarterstaff      |       |       |       |       |    47 |       ||    47
       Scimitar          |       |       |       |       |    11 |    38 ||    49
       Executioner's axe |       |       |       |       |       |    72 ||    72
       Punch             |       |       |       |       |       |     3 ||     3
 Fire: Arbalest          |       |       |   165 |   521 |  1104 |   402 ||  2192
Invok: Heroism           |       |       |       |    13 |    24 |    25 ||    62
       Finesse           |       |       |       |     6 |    17 |    11 ||    34
Evoke: Wand              |       |     1 |       |       |     4 |       ||     5
  Use: Potion            |     2 |       |       |       |     1 |    11 ||    14
       Scroll            |     1 |     9 |     6 |    15 |    12 |    15 ||    58
 Stab: Sleeping          |       |     1 |       |       |       |       ||     1
       Confused          |       |       |       |       |       |     1 ||     1
       Invisible         |       |       |       |       |       |     1 ||     1
  Eat: Chunk             |       |     5 |     9 |    22 |    28 |     6 ||    70
       Ration            |       |       |       |       |     1 |     2 ||     3
Armor: Ring mail         |    22 |    41 |    31 |    63 |       |       ||   157
       Skin              |       |     1 |       |       |       |       ||     1
       Troll leather arm |       |       |       |    33 |   265 |   147 ||   445
Dodge: Dodged            |    47 |   104 |    47 |   337 |   911 |   745 ||  2191
       Deflected         |       |       |       |       |    14 |    25 ||    39
       Rpst.: Scimitar   |       |       |       |       |     2 |    39 ||    41

Table legend:
 A = Non-vault XP
 B = Vault XP
 C = Vault XP percentage of total XP
 D = Non-vault monster count
 E = Vault monster count
 F = Vault count percentage of total count
                 A         B        C        D         E       F
            +---------+---------+-------+---------+---------+-------
      Total |  141991 |  113527 |  44.4 |     644 |     293 |  31.3
            +---------+---------+-------+---------+---------+-------
        D:1 |      26 |       0 |   0.0 |      13 |       0 |   0.0
        D:2 |      19 |     212 |  91.8 |      11 |       1 |   8.3
        D:3 |     103 |       0 |   0.0 |      24 |       0 |   0.0
        D:4 |     757 |      77 |   9.2 |      19 |       2 |   9.5
        D:5 |     419 |     305 |  42.1 |      18 |       1 |   5.3
        D:6 |    2531 |     249 |   9.0 |      41 |       1 |   2.4
        D:7 |     384 |    1594 |  80.6 |      10 |       6 |  37.5
        D:8 |    1087 |     143 |  11.6 |      16 |       1 |   5.9
        D:9 |    1463 |    2978 |  67.1 |      23 |      10 |  30.3
       D:10 |    1603 |    4262 |  72.7 |      33 |      22 |  40.0
       D:11 |    1429 |     470 |  24.7 |      20 |       1 |   4.8
       D:12 |    2391 |       8 |   0.3 |      12 |       4 |  25.0
       D:13 |   10308 |     969 |   8.6 |      39 |       1 |   2.5
       D:14 |    5243 |   11185 |  68.1 |      28 |      21 |  42.9
       D:15 |   16957 |    9496 |  35.9 |      44 |      35 |  44.3
     Lair:1 |    4135 |     143 |   3.3 |      15 |       1 |   6.2
     Lair:2 |    3299 |     929 |  22.0 |       9 |       1 |  10.0
     Lair:3 |    5642 |     880 |  13.5 |      32 |       4 |  11.1
     Lair:4 |    5633 |       0 |   0.0 |      20 |       0 |   0.0
     Lair:5 |    1424 |    3176 |  69.0 |       5 |      10 |  66.7
     Lair:6 |   15909 |   12200 |  43.4 |      39 |      23 |  37.1
    Swamp:1 |    3909 |    1654 |  29.7 |      11 |       1 |   8.3
    Swamp:2 |     273 |       0 |   0.0 |       1 |       0 |   0.0
    Swamp:3 |    6368 |       0 |   0.0 |      22 |       0 |   0.0
    Swamp:4 |    7206 |   13389 |  65.0 |      21 |      22 |  51.2
      Orc:1 |    1659 |       0 |   0.0 |      23 |       0 |   0.0
      Orc:2 |    4213 |    7768 |  64.8 |      34 |      58 |  63.0
      Elf:1 |   13190 |   10467 |  44.2 |      20 |      17 |  45.9
      Elf:2 |   12977 |    3598 |  21.7 |      25 |       4 |  13.8
      Elf:3 |   11434 |   25241 |  68.8 |      16 |      19 |  54.3
     Bailey |       0 |    2134 | 100.0 |       0 |      27 | 100.0
            +---------+---------+-------+---------+---------+-------
